 Dungeon Crawl Stone Soup version 0.30.1-4-g462c640d31 (webtiles) character file.

Game seed: 5651924798276557070

424 safid the Chiller (level 6, 0/48 HPs)
             Began as a Merfolk Ice Elementalist on Sept 13, 2023.
             Slain by an ice beast (14 damage)
             ... on level 5 of the Dungeon.
             The game lasted 00:06:03 (3579 turns).

safid the Chiller (Merfolk Ice Elementalist)        Turns: 3579, Time: 00:06:03

Health: 0/48       AC: 10    Str:  8    XL:     6   Next: 96%
Magic:  12/12      EV: 12    Int: 17    God:
Gold:   71         SH:  0    Dex: 14    Spells: 6/13 levels left

rFire   . . .        c - +0 dagger
rCold   . . .        (no shield)
rNeg    . . .        a - +0 robe
rPois   .            (no helmet)
rElec   .            o - +1 cloak
rCorr   .            (no gloves)
SInv    .            (no boots)
Will    .....        (no amulet)
Stlth   ++           (no ring)
HPRegen 0.28/turn    (no ring)
MPRegen 0.13/turn

%: no passive effects
@: ice-armoured
A: (nimble swimmer 2), mertail
a: no special abilities


You were on level 5 of the Dungeon.
You visited 1 branch of the dungeon, and saw 5 of its levels.

You collected 151 gold pieces.
You spent 80 gold pieces at shops.

Inventory:

Hand Weapons
 c - a +0 dagger (weapon)
Armour
 a - a +0 robe (worn)
 o - a +1 cloak (worn)
Scrolls
 d - a scroll of magic mapping {unknown}
 g - a scroll of butterflies {unknown}
 i - 6 scrolls of identify {unknown}
 k - 8 scrolls of teleportation {unknown}
 m - 3 scrolls of fog {unknown}
 r - a scroll of vulnerability {unknown}
 s - 2 scrolls of immolation {unknown}
 t - a scroll of amnesia {unknown}
 u - a scroll of poison {unknown}
Potions
 b - a potion of magic
 e - a potion of berserk rage {unknown}
 f - a potion of attraction {unknown}
 h - a potion of ambrosia {unknown}
 j - 2 potions of heal wounds
 l - 2 potions of cancellation {unknown}
 n - 7 potions of curing
 p - a potion of might {unknown}
 q - 2 potions of flight {unknown}


   Skills:
 + Level 4.1 Fighting
 - Level 2.6 Dodging
 - Level 2.1 Stealth
 + Level 4.1 Spellcasting
 + Level 6.2 Ice Magic


You had 6 spell levels left.
You knew the following spells:

 Your Spells              Type           Power      Damage    Failure   Level
a - Freeze                Ice            96%        1d10      1%          1
b - Frozen Ramparts       Ice            48%        1d8       3%          3
c - Ozocubu's Armour      Ice            24%        N/A       3%          3

Your spell library contained the following spells:

 Spells                   Type           Power      Damage    Failure   Level
 Beastly Appendage        Tmut           6%         N/A       16%         1
 Necrotise                Necr           12%        1d4       16%         1
 Shock                    Conj/Air       12%        1d3       16%         1
 Wereblood                Tmut           3%         N/A       24%         2
 Summon Ice Beast         Ice/Summ       14%        N/A       41%         4
 Spider Form              Tmut/Pois      3%         N/A       43%         3
 Swiftness                Air            3%         N/A       43%         3
 Vampiric Draining        Necr           3%         2d6       43%         3
 Airstrike                Air            1%         2d(1-17)  83%         4
 Agony                    Necr           3%         N/A       99%         5


Dungeon Overview and Level Annotations

Branches:
Dungeon (5/15)
 Temple: D:4-7

Altars:
Ashenzari

Shops:
D:4 [*!


Innate Abilities, Weirdness & Mutations

((You are very nimble when in or above water. (Stealth+, EV+, Speed+++)))
Your lower body shifts to a powerful aquatic tail in water.


Message History

You closely miss the ice beast.
The ice beast is lightly wounded.
The ice beast misses you.
You hit the ice beast.
The ice beast is lightly wounded.
The ice beast hits you but does no damage.
You closely miss the ice beast.
The ice beast is lightly wounded.
The ice beast hits you but does no damage.
You hit the ice beast but do no damage.
The ice beast is lightly wounded.
The ice beast hits you but does no damage.
You hit the ice beast.
The ice beast is moderately wounded.
The ice beast hits you. The ice beast freezes you!
You barely miss the ice beast.
The ice beast is moderately wounded.
The ice beast hits you but does no damage.
You hit the ice beast but do no damage.
The ice beast is moderately wounded.
The ice beast hits you but does no damage.
You closely miss the ice beast.
The ice beast is moderately wounded.
The ice beast hits you but does no damage.
You hit the ice beast but do no damage.
The ice beast is moderately wounded.
The ice beast barely misses you.
You closely miss the ice beast.
The ice beast is moderately wounded.
The ice beast hits you but does no damage.
You closely miss the ice beast.
The ice beast is moderately wounded.
The ice beast hits you. The ice beast freezes you.
* * * LOW HITPOINT WARNING * * *
You barely miss the ice beast.
The ice beast is moderately wounded.
The ice beast hits you.
* * * LOW HITPOINT WARNING * * *
The ice beast freezes you!
You die...

#... ... #... .... #...
....#################...
........#..#..#...#..###
........+...............
........#...............
......Y.#...............
.......@#....##.........
..#+####.######.........
+......# ##+###....
#......+ ##.... #......#
#..... #.....## #..<..
+..... #..... #.....
#..... ###### #.#....


You could see an ice beast.

Vanquished Creatures
  2 scorpions (D:4)
  A jelly (D:5)
  2 orc priests (D:3)
  An iguana (D:4)
  3 gnolls (D:4)
  8 adders
  An ufetubus (D:5)
  2 worms
  2 dart slugs
  4 orcs
  8 endoplasms
  3 giant cockroaches
  10 goblins
  4 hobgoblins
  2 jackals (D:1)
  5 kobolds
  4 quokkas
  8 ball pythons
  5 bats
  4 frilled lizards
  4 rats
83 creatures vanquished.

Notes
Turn   | Place    | Note
-------+----------+-------------------------------------------
     0 | D:1      | safid the Merfolk Ice Elementalist began the quest for the
                  | Orb.
     0 | D:1      | Reached XP level 1. HP: 13/13 MP: 3/3
   121 | D:1      | Reached XP level 2. HP: 19/20 MP: 3/5
   125 | D:1      | Reached skill level 1 in Fighting
   237 | D:1      | Found a faded altar of an unknown god.
   598 | D:1      | Reached XP level 3. HP: 24/26 MP: 6/6
   745 | D:2      | Found a broken altar of Ashenzari.
   890 | D:2      | Reached skill level 5 in Ice Magic
   900 | D:2      | Learned a level 3 spell: Frozen Ramparts
   904 | D:2      | Learned a level 3 spell: Ozocubu's Armour
   918 | D:2      | Reached XP level 4. HP: 33/33 MP: 3/8
  1098 | D:2      | You fall into a shaft and drop 2 floors!
  1772 | D:3      | Reached XP level 5. HP: 39/39 MP: 5/9
  2510 | D:4      | Found Eruehaeq's Distillery.
  2517 | D:4      | Bought a potion of curing for 30 gold pieces
  2517 | D:4      | Bought a potion of heal wounds for 50 gold pieces
  2555 | D:4      | Reached XP level 6. HP: 33/47 MP: 4/11
  2972 | D:4      | Found Kixzethe's Antique Armour Emporium.
  3075 | D:4      | Reached skill level 6 in Ice Magic
  3243 | D:4      | Found Qudghanas's Assorted Antiques.
  3322 | D:5      | Entered Level 5 of the Dungeon
  3554 | D:5      | Noticed an ice beast
  3579 | D:5      | Slain by an ice beast

Illustrated notes

Levels and vault maps discovered:
D:1:      enne_arrival_octagon_isle, layout_basic,
          shapermc_ecumenical_altar_rom_forum
D:2:      layout_rooms, basic_altar
D:3:      layout_loops_ring
D:4:      layout_basic, serial_shops, shop, shop, shop, minmay_misc_feat_chi,
          bh_walls_and_bars
D:5:      layout_gridville, minmay_temple_entry_gardened_gates,
          saegor_snake_ambush

Skill      XL: |  1  2  3  4  5  6 |
---------------+-------------------+-----
Fighting       | 1 2 3 4 |  4.1
Ice Magic      | 5 6 |  6.2
Spellcasting   | 3 4 |  4.1
Dodging        | |  2.6
Stealth        | |  2.1

Action                     |  1- 3 |  4- 6 || total
---------------------------+-------+-------++-------
  Melee: Dagger            |    89 |   135 ||   224
         Unarmed           |     1 |       ||     1
         Punch             |     2 |     1 ||     3
   Cast: Freeze            |    33 |    39 ||    72
         Frozen Ramparts   |       |     8 ||     8
         Ozocubu's Armour  |       |     2 ||     2
   Stab: Sleeping          |     1 |     4 ||     5
 Armour: Robe              |    14 |    54 ||    68
  Dodge: Dodged            |    93 |   100 ||   193
